 Dungeon Crawl Stone Soup version 0.20-a0-449-g96be121 (webtiles) character file.

42 Amnesiac the Vexing (level 3, -1/24 HPs)
             Began as a Mummy Enchanter on Jan 8, 2017.
             Slain by an adder (3 damage)
             ... in a sewer.
             The game lasted 00:03:24 (1449 turns).

Amnesiac the Vexing (Mummy Enchanter)               Turns: 1449, Time: 00:03:24

Health: -1/24      AC:  2    Str: 11    XL:     3   Next: 33%
Magic:  7/7        EV: 12    Int: 14    God:
Gold:   42         SH:  0    Dex: 13    Spells: 4/8 levels left

rFire  x . .     SeeInvis .     (no weapon)
rCold  + . .     Gourm    .     b - +0 robe
rNeg   + + +     Faith    .     (no shield)
rPois  ∞         Spirit   .     (no helmet)
rElec  .         Reflect  .     (no cloak)
rCorr  .         Harm     .     (no gloves)
MR     .....                    (no boots)
Stlth  +.........               (no amulet)
                                (no ring)
                                g - ring of flight

@: no status effects
A: no food or potions, fire vulnerability, cold resistance 1, negative energy
resistance 3, torment resistance, unbreathing
a: Evoke Flight


You were in a sewer.
You were not hungry.

You visited 1 branch of the dungeon, and saw 3 of its levels.
You also visited: Sewer.

You collected 42 gold pieces.

Inventory:

Hand Weapons
 w - a +1 dagger
Armour
 b - a +0 robe (worn)
Jewellery
 g - a ring of flight (left hand)
Scrolls
 d - a scroll of identify {unknown}
 e - a scroll of remove curse {unknown}
Books
 c - a book of Maledictions

   Spells                             Type                      Level
   a - Corona                         Hexes                        1
   b - Ensorcelled Hibernation        Hexes/Ice                    2
   c - Confuse                        Hexes                        3
   d - Tukima's Dance                 Hexes                        3
   e - Dazzling Spray                 Conjuration/Hexes            3
 f - a book of Cantrips

   Spells                             Type                      Level
   a - Confusing Touch                Hexes                        1
   b - Animate Skeleton               Necromancy                   1
   c - Summon Small Mammal            Summoning                    1
   d - Apportation                    Translocation                1


   Skills:
 - Level 1.0 Short Blades
 - Level 1.5 Dodging
 - Level 2.4 Stealth
 + Level 3.4 Spellcasting
 - Level 3.5 Hexes


You had 4 spell levels left.
You knew the following spells:

 Your Spells              Type           Power        Failure   Level  Hunger
a - Confusing Touch       Hex            ##....       6%          1    N/A
f - Corona                Hex            ##.....      6%          1    N/A
z - Ensorcelled Hibernat  Hex/Ice        #.....       17%         2    N/A

Dungeon Overview and Level Annotations

Branches:
Dungeon (3/15)

Altars:


Innate Abilities, Weirdness & Mutations

You do not eat or drink.
Your flesh is vulnerable to fire.
You are immune to poison.
Your flesh is cold resistant. (rC+)
You are immune to negative energy. (rN+++)
You are immune to unholy pain and torment.
You can survive without breathing.


Message History

You see here a giant cockroach corpse.
You enter the shallow water.
Moving in this stuff is going to be slow.
The adder closely misses the ball python.
The adder bites itself.
You hear an angry hiss.
The ball python barely misses you. x2
The ball python bites you but does no damage.
The ball python closely misses you.
The adder seems less confused.
The ball python misses you. The ball python barely misses you.
The ball python bites you.
* * * LOW HITPOINT WARNING * * *
The ball python misses you. The adder closely misses you.
The ball python bites you.
* * * LOW HITPOINT WARNING * * *
The ball python barely misses you.
You enter the shallow water.
Moving in this stuff is going to be slow.
The adder bites you.
You die...

#≈≈≈## #≈≈≈.##
##≈.≈≈###
##≈≈≈.≈####
##≈≈.≈≈≈.# #######
#####.≈≈†#####.≈≈≈≈#
#∩≈≈####≈≈≈.SS≈.≈≈.#
##....≈#########≈≈≈#
###.∩.÷@S≈≈≈≈≈≈≈≈≈#
#####.S≈≈≈≈≈.≈.≈#
#############


You could see an adder and a ball python.

Vanquished Creatures
  3 oozes (Sewer)
  2 leopard geckos
  4 giant cockroaches (Sewer)
  6 jackals (D:1)
  4 ball pythons
  3 frilled lizards
  2 goblins (D:1)
  A rat (D:2)
25 creatures vanquished.

Notes
Turn   | Place    | Note
-------+----------+-------------------------------------------
     0 | D:1      | Amnesiac the Mummy Enchanter began the quest for the Orb.
     0 | D:1      | Reached XP level 1. HP: 13/13 MP: 4/4
    33 | D:1      | Reached skill level 1 in Short Blades
   389 | D:1      | Reached XP level 2. HP: 5/19 MP: 0/5
   393 | D:1      | Learned a level 2 spell: Ensorcelled Hibernation
  1031 | D:3      | Found a glowing drain.
  1060 | Sewer    | Entered a sewer
  1067 | Sewer    | Learned a level 1 spell: Confusing Touch
  1264 | Sewer    | Reached XP level 3. HP: 24/24 MP: 5/7
  1449 | Sewer    | Slain by an adder

Vault maps used:
D:1:      mrwooster_arrival_statue, hangedman_decor_lopped, minmay_hexomino_p4
D:2:      elyvilon_altar_1, chequers_ecumenical_altar_simple_redux, first_bread,
          kennysheep_pointless_box
D:3:      overflow_temple_1_default, bloody_trog, portal_sewer_entry_a
Sewer:    sewer_frog_island_02

Skill      XL: |  1  2 |
---------------+-------+-----
Short Blades   | 1 |  1.0
Hexes          | 3 |  3.5
Spellcasting   | 3 |  3.4
Dodging        | |  1.5
Stealth        | |  2.4

Action                   || total
-------------------------++-------
Melee: Dagger            ||    99
       Unarmed           ||     6
 Cast: Corona            ||    25
       Confusing Touch   ||     5
 Stab: Sleeping          ||     5
       Confused          ||     3
Armor: Robe              ||    26
Dodge: Dodged            ||    94
